 Dungeon Crawl Stone Soup version 0.20-a0-1124-g2e29d97 (webtiles) character file.

415 Naow the Firebug (level 6, -2/36 HPs)
             Began as an Octopode Fire Elementalist on May 16, 2017.
             Was an Initiate of Vehumet.
             Killed by divine providence
             ... invoked by an orc priest
              (16 damage)
             ... on level 5 of the Dungeon.
             The game lasted 00:07:38 (5742 turns).

Naow the Firebug (Octopode Fire Elementalist)       Turns: 5742, Time: 00:07:39

Health: -2/36      AC:  1    Str:  8    XL:     6   Next: 92%
Magic:  10/12      EV: 16    Int: 19    God:    Vehumet [......]
Gold:   136        SH:  0    Dex: 12    Spells: 3/13 levels left

rFire    . . .     SeeInvis .   d - +0 dagger
rCold    . . .     Gourm    .   (no shield)
rNeg     . . .     Faith    .   (helmet restricted)
rPois    .         Spirit   .   l - amulet of harm
rElec    .         Reflect  .   f - +3 ring of evasion
rCorr    .         Harm     +   o - ring of protection from magic
MR       +....                  (no ring)
Stlth    +++.......             (no ring)
Regen    0.2/turn               (no ring)
MPRegen  0.2/turn               (no ring)
                                (no ring)
                                (no ring)

@: no status effects
A: almost no armour, stealthy swim, amphibious, 8 rings, constrict 8, camouflage
1, gelatinous body 1
a: Renounce Religion


You were on level 5 of the Dungeon.
You worshipped Vehumet.
Vehumet was noncommittal.
You were not hungry.

You visited 2 branches of the dungeon, and saw 6 of its levels.

You collected 136 gold pieces.

Inventory:

Hand Weapons
 d - a +0 dagger (weapon)
Jewellery
 f - a +3 ring of evasion (left tentacle)
 i - an uncursed ring of protection from cold {unknown}
 l - an amulet of harm (around mantle)
 o - a ring of protection from magic (right tentacle)
Scrolls
 c - 4 scrolls of teleportation {unknown}
 e - 2 scrolls of random uselessness {unknown}
 j - a scroll of recharging {unknown}
 k - 5 scrolls of identify {unknown}
 p - a scroll of noise {unknown}
 t - a scroll of magic mapping {unknown}
 u - a scroll of remove curse {unknown}
 v - a scroll of fog {unknown}
 w - a scroll of blinking {unknown}
Potions
 g - a potion of heal wounds {unknown}
 h - a potion of might {unknown}
 q - a potion of ambrosia {unknown}
 r - a potion of lignification {unknown}
 s - 2 potions of haste {unknown}
 x - a potion of cancellation {unknown}
Books
 a - a book of Flames

   Spells                             Type                      Level
   a - Flame Tongue                   Conjuration/Fire             1
   b - Throw Flame                    Conjuration/Fire             2
   c - Conjure Flame                  Conjuration/Fire             3
   d - Inner Flame                    Hexes/Fire                   3
   e - Sticky Flame                   Conjuration/Fire             4
   f - Fireball                       Conjuration/Fire             5
Comestibles
 b - 2 bread rations
 m - a meat ration
 n - 4 fruits


   Skills:
 - Level 2.0 Dodging
 - Level 2.6 Stealth
 + Level 4.3 Spellcasting
 + Level 3.9 Conjurations
 + Level 4.7 Fire Magic


You had 3 spell levels left.
You knew the following spells:

 Your Spells              Type           Power        Failure   Level  Hunger
a - Flame Tongue          Conj/Fire      ###..        2%          1    None
b - Throw Flame           Conj/Fire      ###...       3%          2    #......
c - Conjure Flame         Conj/Fire      ###.....     7%          3    ###....
d - Sticky Flame          Conj/Fire      ###.....     22%         4    ####...


Dungeon Overview and Level Annotations

Branches:
Dungeon (5/15)             Temple (1/1) D:4

Altars:
Dithmenos
Elyvilon
Fedhas
Kikubaaqudgha
Nemelex Xobeh
Qazlal
Ru
Vehumet
Xom
Yredelemnul
The Shining One

Annotations:
D:5 Edmund


Innate Abilities, Weirdness & Mutations

You cannot wear most types of armour.
You are very stealthy in the water. (Stealth+)
You are amphibious.
You can wear up to eight rings at the same time.
You can use your tentacles to constrict eight enemies at once.
Your skin changes colour to match your surroundings (Stealth+).
Your rubbery body absorbs attacks. (AC +1, EV +1)


Message History

The orc wizard is severely wounded.
The orc wizard hits you with a dagger of speed. x2
An orc comes into view. It is wielding a hand axe.
The orc shouts!
You hit the orc wizard. Your grab misses the orc wizard.
The orc wizard is severely wounded.
The orc wizard gestures wildly while chanting.
The orc wizard seems to speed up.
You closely miss the orc wizard. Your grab misses the orc wizard.
You squeeze the orc wizard.
You kill the orc wizard!
Vehumet accepts your kill. The orc misses you.
The orc priest invokes the aid of Beogh against you.
Beogh smites you!
There is a stone staircase leading up here.
The orc misses you.
The orc priest mumbles some strange prayers to Beogh against you.
Beogh smites you!
You die...

.... #..# #.o# #..#
####### #..#
##......
#..######...######
##....o.o..#...o@.#
..)...####.oo####.#
##...## ##.## ##<#
##.## #.# #..# #.#
#.# #.## #.# #.#
#.# #.# #.# #.# #.#
#.# #.# #.# #.# #.#


You could see an orc priest and 2 orcs.

Vanquished Creatures
  A howler monkey (D:4)
  A centaur skeleton (D:4)
  4 orc wizards
  4 worker ants (D:4)
  A mummy (D:4)
  5 adders
  An adder skeleton (D:4)
  2 worms (D:2)
  3 dart slugs
  3 leopard geckos
  4 orcs
  5 bats
  3 giant cockroaches
  5 hobgoblins
  2 jackals (D:2)
  4 quokkas
  3 frilled lizards
  12 goblins
  11 kobolds
  6 rats
80 creatures vanquished.

Notes
Turn   | Place    | Note
-------+----------+-------------------------------------------
     0 | D:1      | Naow the Octopode Fire Elementalist began the quest for the Orb.
     0 | D:1      | Reached XP level 1. HP: 11/11 MP: 3/3
   141 | D:1      | Reached XP level 2. HP: 8/17 MP: 0/5
   998 | D:1      | Reached XP level 3. HP: 18/21 MP: 1/6
  1467 | D:1      | Learned a level 2 spell: Throw Flame
  1471 | D:1      | Learned a level 3 spell: Conjure Flame
  1590 | D:2      | Reached XP level 4. HP: 27/27 MP: 3/8
  3559 | D:3      | Found an ancient bone altar of Kikubaaqudgha.
  3680 | D:3      | Reached XP level 5. HP: 5/31 MP: 0/10
  3997 | D:3      | Found a sacrificial altar of Ru.
  4324 | D:5      | Entered Level 5 of the Dungeon
  4507 | D:5      | Noticed Edmund
  4559 | D:4      | Reached XP level 6. HP: 16/36 MP: 5/11
  4575 | D:4      | Learned a level 4 spell: Sticky Flame
  5243 | D:4      | Found a staircase to the Ecumenical Temple.
  5272 | Temple   | Entered the Ecumenical Temple
  5380 | Temple   | Became a worshipper of Vehumet
  5742 | D:5      | Killed from afar by an orc priest

Vault maps used:
D:1:      minmay_arrival_jagged
D:2:      kennysheep_six_static_rooms
D:3:      lemuel_coloured_pillars_altar, hangedman_ru_absence
D:4:      wad_pebble_path, minmay_temple_entry_glassed_door, first_bread,
          gup_ossuary_entry_pyramid
D:5:      nicolae_overflow_hidden_temple, serial_shops, shop, uniq_menkaure,
          uniq_prince_ribbit1, uniq_edmund
Temple:   dpeg_five_rooms_temple

Skill      XL: |  1  2  3  4  5  6 |
---------------+-------------------+-----
Conjurations   | 2 3 |  3.9
Spellcasting   | 3 4 |  4.3
Fire Magic     | 4 |  4.7
Dodging        | |  2.0
Stealth        | |  2.6

Action                   |  1- 3 |  4- 6 || total
-------------------------+-------+-------++-------
Melee: Dagger            |    27 |     9 ||    36
       Constrict         |     9 |     1 ||    10
       Tentacles         |     5 |     4 ||     9
 Cast: Flame Tongue      |    40 |    99 ||   139
       Throw Flame       |       |    14 ||    14
       Conjure Flame     |       |     1 ||     1
 Stab: Sleeping          |     1 |     1 ||     2
  Eat: Chunk             |     2 |    13 ||    15
Armor: Skin              |    11 |     1 ||    12
Dodge: Dodged            |    44 |    27 ||    71
